Unix NetHack Version 5.0.0-0 post-release - last build May  4 2026 22:22:43 (774f63e81ad911689b3a0859ea89b322d5daca8d,branch:main).

Game began 2026-05-07 06:06:28, ended 2026-05-07 06:17:21.

7spoons, lawful male human Samurai

  ------------      ---------
  |..........|   ###-..k....|
  |...........######|......>.
  |..........|   ###........|
  |..........|     #----.----
  --.--|------         ###
    #######             #
         #---|-        ##
        -|-).%---      #
        |..)..*..     ##
       --......)--    #
       |........*|    #
       |^........|   -.-----      ---.---------
       |.^.^..).)|   |.....|     #............|
       --...%.*.--   |.....|  ####|...........|
        |.^@..d)|    |......###   |...........|
        ---..%---    |....{|   ###............|
          -----      -------      |..........<|
                                  -------------

7spoons the Hatamoto   St:18 Dx:11 Co:18 In:12 Wi:8 Ch:8  Lawful
Dlvl:2  $:9  HP:0(15) Pw:2(2) AC:4  Xp:1 T:554 

Latest messages:
 u - a candle.
 v - a whistle.
 You find an arrow trap.
 You find an arrow trap.
 In what direction? 1
 You disarm the trap.
 w - 2 arrows.
 o - 7 arrows (68 in total).
 x - a tin opener.
 In what direction? 3
 You disarm the trap.
 y - 32 arrows.
 m - 6 arrows (14 in total).
 z - a magic marker.
 You find an arrow trap.
 You find an arrow trap.
 In what direction? 6
 Whoops...
 An arrow shoots out at you!
 You are hit by an arrow!
 A - 9 arrows.
 B - a slime mold.
 In what direction? 1
 Whoops...
 An arrow shoots out at you!
 You are hit by an arrow.
 An arrow shoots out at you!
 You are hit by an arrow.
 In what direction? 9
 That arrow trap is difficult to disarm.
 In what direction? 9
 You disarm the trap.
 o - 16 arrows (84 in total).
 y - 9 arrows (41 in total).
 B - a slime mold (2 in total).
 You find an arrow trap.
 You find an arrow trap.
 In what direction? 2
 Whoops...
 An arrow shoots out at you!
 You are hit by an arrow.
 m - 9 arrows (23 in total).
 You trigger a trap!
 You are jolted by a surge of electricity!
 You die...
 Do you want your possessions identified? [ynq] (y) y
 Do you want to see your attributes? [ynq] (y) y
 Do you want an account of creatures vanquished? [ynaq] (y) n
 Do you want to see your conduct and achievements? [ynq] (y) n
 Do you want to see the dungeon overview? [ynq] (y) n

Inventory:
 Coins    ('$')
  $ - 9 gold pieces
 Weapons  (')')
  q - 8 blessed +2 arrows
  A - 9 blessed +1 arrows
  y - 41 blessed +0 arrows
  o - 84 +0 arrows
  m - 23 cursed +0 arrows
  w - 2 cursed -1 arrows
  d - 45 +0 ya (in quiver)
  c - a +0 yumi
  t - 7 cursed +0 darts
  l - a +0 orcish dagger
  a - a +0 katana (weapon in right hand)
  b - a +0 wakizashi (alternate weapon; not wielded)
 Armor    ('[')
  n - an uncursed +0 orcish helm
  e - an uncursed rustproof +0 splint mail (being worn)
 Comestibles  ('%')
  B - 2 cursed slime molds
  j - an uncursed gunyoki
 Scrolls  ('?')
  g - an uncursed scroll of identify
 Potions  ('!')
  f - an uncursed potion of confusion
  h - an uncursed potion of enlightenment
  k - an uncursed potion of extra healing
  i - an uncursed potion of healing
 Tools    ('(')
  z - a cursed magic marker (0:90)
  p - a cursed magic whistle
  u - a cursed tallow candle
  x - a cursed tin opener
  v - a cursed tin whistle
  r - a cursed wax candle
 Gems/Stones  ('*')
  s - 2 cursed agate stones

7spoons the Samurai's attributes:

Background:
 You were a Hatamoto, a level 1 male human Samurai.
 You were lawful, on a mission for Amaterasu Omikami
 who was opposed by Raijin (neutral) and Susanowo (chaotic).
 You were right-handed.
 You were in the Dungeons of Doom, on level 2.
 You entered the dungeon 554 turns ago.
 You had 11 experience points, 9 more were needed to attain level 2.

Basics:
 You had 0 out of 15 hit points.
 You had both energy points (spell power).
 Your armor class was 4.
 Your wallet contained 9 zorkmids.
 Autopickup was off.

Final Characteristics:
 Your strength was 18 (limit:18/100).
 Your dexterity was 11 (limit:18).
 Your constitution was 18 (limit:18).
 Your intelligence was 12 (limit:18).
 Your wisdom was 8 (limit:18).
 Your charisma was 8 (limit:18).

Final Status:
 You weren't hungry.
 You were unencumbered.
 You were wielding a long sword.
 You had basic skill with long sword.

Final Attributes:
 You were fervently aligned.
 You were warded.
 You were fast.
 You are dead.

Miscellaneous:
 You didn't encounter any bones levels.
 Total elapsed playing time was 10 minutes and 36 seconds.

Major events:
 Turn
    1: 7spoons the lawful male human Samurai entered the dungeon
  451: entered the Gnomish Mines
  554: killed by an electric shock

You didn't know any spells.

Skills:
 Fighting Skills
   martial arts      [Basic]
   two weapon combat [Unskilled]
   riding            [Unskilled]
 Weapon Skills
   dagger            [Unskilled]
   knife             [Unskilled]
   short sword       [Basic]
   broadsword        [Unskilled]
   long sword        [Basic]
   two-handed sword  [Unskilled]
   saber             [Unskilled]
   flail             [Unskilled]
   quarterstaff      [Unskilled]
   polearms          [Unskilled]
   spear             [Unskilled]
   lance             [Unskilled]
   bow               [Basic]
   shuriken          [Unskilled]
 Spellcasting Skills
   attack spells     [Unskilled]
   divination spells [Unskilled]
   clerical spells   [Unskilled]

Voluntary challenges:
 Character rerolling was not enabled.
 You followed a strict vegan diet.
 You were an atheist.
 You were illiterate.
 You never genocided any monsters.
 You never polymorphed an object.
 You never changed form.
 You used no wishes.
Achievement:
 You entered the Gnomish Mines.

 The Dungeons of Doom: levels 1 to 2
    Level 1:
       A grave.
    Level 2: <- You were here.
       A fountain.
       Stairs down to The Gnomish Mines.
       Final resting place for
          you, killed by an electric shock.
 The Gnomish Mines:
    Level 3:


Vanquished creatures:
  3 jackals
  a fox
  a goblin
  5 lichens
  a kobold zombie
  a newt
12 creatures vanquished.

No species were genocided or became extinct.

Game over:
                       ----------
                      /          \
                     /    REST    \
                    /      IN      \
                   /     PEACE      \
                  /                  \
                  |     7spoons      |
                  |       9 Au       |
                  |   killed by an   |
                  |  electric shock  |
                  |                  |
                  |                  |
                  |       2026       |
                 *|     *  *  *      | *
        _________)/\\_//(\/(/\)/\//\/|_)_______

Sayonara 7spoons the Samurai...

You died in The Dungeons of Doom on dungeon level 2 with 153 points,
and 9 pieces of gold, after 554 moves.
You were level 1 with a maximum of 15 hit points when you died.

